 Dungeon Crawl Stone Soup version 0.24.0-37-gcf1ca852f1 (webtiles) character file.

Game seed: 16778864329583985461, levelgen mode: deterministic

289 Emblim88 the Ruffian (level 6, 0/57 HPs)
             Began as a Troll Transmuter on Nov 21, 2019.
             Slain by Crazy Yiuf
             ... wielding a +4 quarterstaff of chaos
              (8 damage)
             ... on level 2 of the Dungeon.
             The game lasted 00:02:33 (1985 turns).

Emblim88 the Ruffian (Troll Transmuter)             Turns: 1985, Time: 00:02:34

Health: 0/57       AC:  6    Str: 19    XL:     6   Next: 9%
Magic:  7/8        EV: 10    Int: 16    God:
Gold:   145        SH:  0    Dex: 10    Spells: 8/9 levels left

rFire    . . .     SeeInvis .     - Unarmed
rCold    . . .     Gourm    +   (no shield)
rNeg     . . .     Faith    .   b - +0 robe
rPois    .         Spirit   .   (helmet restricted)
rElec    .         Reflect  .   (no cloak)
rCorr    .         Harm     .   (gloves unavailable)
MR       .....                  (boots unavailable)
Stlth    +.........             (no amulet)
HPRegen  0.59/turn              e - +5 ring of intelligence
MPRegen  0.11/turn              (no ring)

@: lethally poisoned (0 -> -3)
A: large, unfitting armour, claws 3, fast metabolism 3, gourmand, regeneration
1, shaggy fur 1, tough skin 3
a: no special abilities


You were on level 2 of the Dungeon.
You were very hungry.

You visited 1 branch of the dungeon, and saw 3 of its levels.

You collected 145 gold pieces.

Inventory:

Missiles
 a - 30 arrows
Armour
 b - a +0 robe (worn)
Jewellery
 e - a +5 ring of intelligence (left claw)
Scrolls
 c - 3 scrolls of teleportation {unknown}
 g - a scroll of enchant weapon {unknown}
 h - a scroll of fog {unknown}
 j - 4 scrolls of identify {unknown}
Potions
 f - a potion of cancellation {unknown}
 i - 2 potions of might {unknown}
 k - a potion of brilliance {unknown}
 l - a potion of ambrosia {unknown}
Comestibles
 d - 7 rations


   Skills:
 + Level 2.2 Fighting
 + Level 2.6 Dodging
 + Level 4.0 Unarmed Combat
 + Level 2.1 Spellcasting
 + Level 2.4 Transmutations


You had 8 spell levels left.
You knew the following spells:

 Your Spells              Type           Power        Failure   Level  Hunger
a - Beastly Appendage     Tmut           #.....       8%          1    #......

Your spell library contained the following spells:

 Spells                   Type           Power        Failure   Level  Hunger
 Sticks to Snakes         Tmut           #.......     11%         2    ###....
 Spider Form              Tmut/Pois      #.........   36%         3    ###....
 Ice Form                 Ice/Tmut       #.......     77%         4    #####..
 Blade Hands              Tmut           #.........   90%         5    ######.


Dungeon Overview and Level Annotations

Branches:
Dungeon (3/15)

Altars:
Makhleb

Annotations:
D:2 Crazy Yiuf


Innate Abilities, Weirdness & Mutations

You are too large for most types of armour.
You have claws for hands.
Your metabolism is lightning-fast.
You like to eat raw meat.
Your natural rate of healing is unusually fast.
You are covered in fur. (AC +1)
You have extremely tough skin. (AC +3)


Message History

No target in view!
No target in view!
No target in view!
No target in view!
No target in view!
Something hits you!
You are poisoned.
There is an open translucent door, spattered with blood here.
You scratch something.
You feel sick. Something hits you!! Something freezes you.
You closely miss something.
You feel sick. Something hits you.
* * * LOW HITPOINT WARNING * * *
You feel your power leaking away.
You closely miss something.
You feel sick. Something hits you.
* * * LOW HITPOINT WARNING * * *
Something burns you.
* * * LOW HITPOINT WARNING * * *
You scratch something. Your claw misses something.
You feel sick. Something hits you!
You die...

..###.#..#######
#.....###.... .##
##.### #......###...
## #.# ###...## ##..
# #.# ##.## ##' #.#
#.# #. #.# #.# #. #
#.##♣♣ #### #.# ##.
## ##....♣♣ ♣♣#..)#
#.### ##..
.####......♣♣♣♣.@{..#
#...# #...
............♣..♣#...#
##.#.# ##..
.######....♣.♣♣♣ ####
#..#.#####. ##
###♣♣♣♣♣ #.##.#...#.
#.#.####...
####.#####. ##.# #.
##_## #. #####.## #.


There were no monsters in sight!

Vanquished Creatures
  2 orc wizards (D:3)
  Terence (D:2)
  Natasha (thrice) (D:2)
  A worker ant (D:2)
  4 adders (D:2)
  A worm (D:2)
  3 leopard geckos
  4 orcs (D:3)
  8 bats
  3 giant cockroaches
  8 goblins
  7 hobgoblins
  2 jackals (D:1)
  A quokka (D:2)
  5 frilled lizards
  9 kobolds
  7 rats
69 creatures vanquished.

Notes
Turn   | Place    | Note
-------+----------+-------------------------------------------
     0 | D:1      | Emblim88 the Troll Transmuter began the quest for the Orb.
     0 | D:1      | Reached XP level 1. HP: 18/18 MP: 1/1
    70 | D:1      | Reached skill level 1 in Fighting
    73 | D:1      | Reached XP level 2. HP: 27/27 MP: 3/3
   793 | D:2      | Reached XP level 3. HP: 33/33 MP: 4/4
   871 | D:2      | Found a faded altar of an unknown god.
   871 | D:2      | You fall into a shaft and drop 1 floor!
   948 | D:3      | Found a burning altar of Makhleb.
   989 | D:3      | Reached XP level 4. HP: 30/41 MP: 5/5
  1189 | D:2      | Reached XP level 5. HP: 49/49 MP: 6/6
  1295 | D:2      | Found a runed translucent door.
  1296 | D:2      | Noticed Crazy Yiuf
  1417 | D:2      | Noticed Natasha
  1424 | D:2      | Killed Natasha
  1469 | D:2      | Noticed Terence
  1478 | D:2      | Killed Terence
  1648 | D:2      | Noticed Natasha
  1657 | D:2      | Killed Natasha
  1657 | D:2      | Reached skill level 4 in Unarmed Combat
  1814 | D:2      | Noticed Natasha
  1822 | D:2      | Killed Natasha
  1822 | D:2      | Reached XP level 6. HP: 57/57 MP: 8/8
  1985 | D:2      | Slain by Crazy Yiuf

Levels and vault maps discovered:
D:1:      lightli_arrival_noodles, layout_basic
D:2:      layout_loops_corners, first_ration, chequers_ecumenical_altar_twisty,
          uniq_terence, uniq_natasha, uniq_crazy_yiuf_cottage
D:3:      layout_basic, bloody_makhleb

Skill      XL: |  1  2  3  4  5 |
---------------+----------------+-----
Fighting       | 1 2 |  2.2
Dodging        | 2 |  2.6
Transmutations | 2 |  2.4
Spellcasting   | 2 |  2.1
Unarmed Combat | 4 |  4.0

Action                   |  1- 3 |  4- 6 || total
-------------------------+-------+-------++-------
Melee: Unarmed           |    98 |   105 ||   203
       Punch             |     1 |     1 ||     2
  Use: Potion            |       |     3 ||     3
 Stab: Sleeping          |       |     1 ||     1
  Eat: Chunk             |     9 |     5 ||    14
Armor: Robe              |    42 |    27 ||    69
       Skin              |       |    30 ||    30
Dodge: Dodged            |    58 |    39 ||    97
